[Event "Titled Tuesday Blitz May 4 2021"]
[White "Zhou, Qiyu"]
[Black "Pesotskiy, Mikhail"]
[WhiteFideId "505161"]
[BlackFideId "34164453"]
[WhiteElo "1925"]
[BlackElo "2052"]
[Result "1-0"]
[Round "07"]
[TimeControl "180+1"]
[Date "2021.05.04"]
[WhiteClock "0:01:22"]
[BlackClock "0:00:26"]

1. e4 e6 2. d4 d5 3. Nc3 Bb4 4. e5 c5 5. a3 Bxc3+ 6. bxc3 Qa5 7. Bd2 Qa4 8. Nf3 Nc6 9. h4 Nge7 10. h5 h6 11. Rh4 Nf5 12. Rf4 cxd4 13. cxd4 Nfxd4 14. Nxd4 Nxd4 15. Bd3 Bd7 16. Kf1 Bb5 17. Rxd4 Bxd3+ 18. Rxd3 O-O 19. c3 Qc4 20. Qe2 Qh4 21. Rh3 Qa4 22. Rg3 Qh4 23. Kg1 Kh8 24. Qg4 Qxg4 25. Rxg4 Rac8 26. Rb1 Rc7 27. Kf1 Rfc8 28. Ke2 b6 29. Rd4 Rc5 30. f4 Ra5 31. a4 Kg8 32. Kd3 Rac5 33. g4 f6 34. Re1 Kf7 35. Rb4 Ra5 36. Be3 Rc4 37. Reb1 Rxa4 38. Rxa4 Rxa4 39. Rb4 Ra1 40. exf6 gxf6 41. c4 dxc4+ 42. Rxc4 f5 43. Rc7+ Kf6 44. Bd4+ e5 45. Bxe5+ Ke6 46. Bxa1 1-0


[Site "https://www.chess.com"]

[Event "Titled Tuesday Blitz May 4 2021"]
[White "Zhukov, Anton"]
[Black "Villegas, Pierre"]
[WhiteFideId "34187534"]
[BlackFideId "654183"]
[WhiteElo "2172"]
[BlackElo "2411"]
[Result "1/2-1/2"]
[Round "07"]
[TimeControl "180+1"]
[Date "2021.05.04"]
[WhiteClock "0:00:11"]
[BlackClock "0:00:03"]

1. d4 d5 2. c4 e6 3. Nf3 Nf6 4. Nc3 a6 5. c5 b6 6. cxb6 cxb6 7. Bf4 Be7 8. e3 O-O 9. h3 Bb7 10. Bd3 Nbd7 11. O-O b5 12. Rc1 Nb6 13. Ne5 Rc8 14. Ng4 Nxg4 15. Qxg4 g6 16. Qe2 Bd6 17. Bh6 Re8 18. g3 Qf6 19. h4 Qd8 20. Kg2 e5 21. Qg4 e4 22. Bc2 Nc4 23. Bb3 Nd2 24. Rfd1 Nxb3 25. axb3 f5 26. Qe2 Qd7 27. Rh1 Be7 28. Bf4 Bc6 29. h5 g5 30. Be5 b4 31. Nb1 Bb5 32. Qd2 Rxc1 33. Rxc1 Rc8 34. Qd1 Bd3 35. Nd2 Rc6 36. Rxc6 Qxc6 37. Qa1 Qc2 38. Qa5 Qxd2 39. Qxd5+ Kf8 40. Qa8+ Kf7 41. Qd5+ Ke8 42. Qa8+ Kf7 43. Qd5+ Ke8 44. Qg8+ Kd7 45. d5 Be2 46. Qe6+ Kd8 47. Qb6+ Ke8 48. Qc6+ Kf8 49. Qc8+ Kf7 50. Qe6+ Ke8 51. Qc8+ Bd8 52. Qe6+ Be7 53. Bf6 Bf3+ 54. Kh3 Bg4+ 55. Kg2 Bf3+ 56. Kh3 Bg4+ 57. Kg2 Bf3+ 1/2-1/2


[Site "https://www.chess.com"]

[Event "Titled Tuesday Blitz May 4 2021"]
[White "Zia, Tahsin Tajwar"]
[Black "Vlassov, Nikolai"]
[WhiteFideId "10211888"]
[BlackFideId "4103360"]
[WhiteElo "1678"]
[BlackElo "2407"]
[Result "0-1"]
[Round "07"]
[TimeControl "180+1"]
[Date "2021.05.04"]
[WhiteClock "0:00:04"]
[BlackClock "0:00:18"]

1. d4 Nf6 2. Bf4 g6 3. Nc3 d5 4. e3 c6 5. Nf3 b5 6. a3 a5 7. h4 h5 8. Ne5 Nfd7 9. Bd3 Nxe5 10. Bxe5 Rg8 11. Ne2 Nd7 12. Bg3 Bg7 13. Nf4 e5 14. dxe5 Nxe5 15. Be2 Ke7 16. Nd3 Nxd3+ 17. cxd3 Bxb2 18. Rb1 Bc3+ 19. Kf1 b4 20. Qa4 Bd7 21. Qc2 Re8 22. d4 Bf5 23. Bd3 Bxd3+ 24. Qxd3 Kf8 25. Be5 f6 26. Bf4 Kf7 27. g4 hxg4 28. h5 Rg8 29. hxg6+ Rxg6 30. Rh7+ Rg7 31. Kg2 Qg8 32. Rbh1 Ke6 33. R1h5 Rxh7 34. Qf5+ Ke7 35. Rxh7+ Qxh7 36. Qxh7+ Ke6 37. axb4 axb4 38. Qb7 Ra1 39. Qxc6+ Kf7 40. Qd7+ Kg6 41. Qxg4+ Kf7 42. Qd7+ Kg6 43. Qe8+ Kg7 44. Qe7+ Kg6 45. Qe8+ Kg7 46. Bd6 Ra7 47. Bf8+ Kh7 48. Qh5+ Kg8 49. Bc5 Rb7 50. Kf3 b3 51. Qe8+ Kg7 52. Qc6 Rf7 53. Qb5 b2 54. Bd6 Kg6 55. Qb3 Rh7 56. Qc2+ Kg7 57. Bg3 Rh1 58. Qa4 b1=Q 59. Qd7+ Kg6 60. Qg4+ Kh6 61. Bf4+ Kh7 62. Qd7+ Kg8 63. Qe8+ Kg7 64. Qe7+ Kg6 65. Qe8+ Kf5 66. Qd7+ Kg6 67. Qe8+ Kg7 68. Qe7+ Kg8 69. Qe8+ Kh7 70. Qf7+ Kh8 71. Qxf6+ Kg8 72. Qg6+ Qxg6 0-1


[Site "https://www.chess.com"]

[Event "Titled Tuesday Blitz May 4 2021"]
[White "Zverev, Lev"]
[Black "Region_07"]
[WhiteFideId "24250775"]
[WhiteElo "2107"]
[BlackElo "2380"]
[Result "1-0"]
[Round "07"]
[TimeControl "180+1"]
[Date "2021.05.04"]
[WhiteClock "0:00:20"]
[BlackClock "0:00:01"]

1. e4 Nc6 2. Nf3 f5 3. exf5 d5 4. d4 Bxf5 5. Bd3 Bg4 6. h3 Bxf3 7. Qxf3 Nf6 8. c3 e5 9. dxe5 Nxe5 10. Qe2 Qe7 11. Bc2 Nc4 12. Qxe7+ Bxe7 13. O-O O-O 14. Nd2 Nxd2 15. Bxd2 Bc5 16. Rae1 c6 17. Be3 Bb6 18. Bf4 Rae8 19. Bg3 Nh5 20. Kh2 Nxg3 21. fxg3 Rxe1 22. Rxe1 Rf2 23. Bb3 Rxb2 24. Re7 Rb1 25. h4 h5 26. Rxb7 Bg1+ 27. Kh3 Rc1 28. Rc7 Bb6 29. Rc8+ Kf7 30. Kh2 Rxc3 31. Bxd5+ Ke7 32. Rxc6 Rd3 33. Bf3 Ra3 34. Rg6 Rxa2 35. Rxg7+ Kf6 36. Rh7 Rb2 37. Rxh5 a5 38. Bc6 Rb4 39. Rb5 Rxb5 40. Bxb5 Bc7 41. Kh3 Kg6 42. g4 Bf4 43. Bd3+ Kh6 44. Bc2 Be3 45. g5+ Kg7 46. Kg4 Bd2 47. h5 Bc1 48. h6+ Kh8 49. Kh5 a4 50. g6 Bb2 51. Bxa4 Kg8 52. Bb3+ Kh8 53. Kg4 1-0


[Site "https://www.chess.com"]

[Event "Titled Tuesday Blitz May 4 2021"]
[White "elohunter1999"]
[Black "Ozen, Bahadir"]
[BlackFideId "6337058"]
[WhiteElo "2517"]
[BlackElo "2503"]
[Result "1-0"]
[Round "07"]
[TimeControl "180+1"]
[Date "2021.05.04"]
[WhiteClock "0:00:07"]
[BlackClock "0:00:02"]

1. d4 d6 2. e4 g6 3. Nc3 Bg7 4. Be3 a6 5. Nf3 b5 6. Bd3 Nd7 7. h4 c5 8. h5 cxd4 9. Nxd4 Bb7 10. h6 Bf8 11. a4 b4 12. Nd5 Ngf6 13. Nxb4 e5 14. Nb3 Nxe4 15. Bc4 Ndf6 16. Nd5 Rc8 17. Bb6 Qd7 18. Na5 Rxc4 19. Nxf6+ Nxf6 20. Nxc4 Bxg2 21. Rh2 Bd5 22. Ne3 Bb7 23. Qe2 Be7 24. a5 O-O 25. c4 d5 26. cxd5 Bb4+ 27. Kf1 Nxd5 28. Nxd5 Qxd5 29. Rd1 Qe6 30. Bc7 f6 31. Rh4 Rc8 32. Rxb4 Rxc7 33. Qe3 Kf7 34. Rb6 Qg4 35. Rbd6 1-0


[Site "https://www.chess.com"]

[Event "Titled Tuesday Blitz May 4 2021"]
[White "katchesskat"]
[Black "davigator"]
[WhiteElo "2292"]
[BlackElo "2409"]
[Result "1-0"]
[Round "07"]
[TimeControl "180+1"]
[Date "2021.05.04"]
[WhiteClock "0:00:11"]
[BlackClock "0:00:05"]

1. c4 e5 2. e3 Nf6 3. a3 d5 4. cxd5 Nxd5 5. Qc2 Nc6 6. Nf3 Be7 7. b4 Bd6 8. Bb2 f6 9. Bc4 Nb6 10. Bb3 Bg4 11. Nc3 Bh5 12. Nh4 Qd7 13. h3 Bf7 14. Nf3 O-O 15. Ne4 Nd5 16. Rc1 Nce7 17. Bc4 c6 18. Nxd6 Qxd6 19. Bd3 g6 20. h4 Rad8 21. Ke2 Rfe8 22. h5 Nf4+ 23. exf4 exf4 24. Bc4 Nd5+ 25. Kf1 b5 26. Bb3 g5 27. h6 Rc8 28. Kg1 Bg6 29. Qc5 Qd8 30. Nd4 Qd7 31. Nxc6 Bf7 32. Kh2 Rc7 33. Qxb5 Rec8 34. Nd4 Qg4 35. Rxc7 Rxc7 36. Re1 f3 37. Nxf3 Qf4+ 38. Kg1 g4 39. Bxd5 gxf3 40. Bxf3 Rc8 41. Qd7 Rf8 42. Qg4+ Qxg4 43. Bxg4 Rd8 44. Bc3 Kf8 45. Bxf6 Rxd2 46. Bg7+ Kg8 47. Rc1 Bd5 48. Bh5 Bb7 49. Rc7 Rd5 50. Bf7# 1-0


[Site "https://www.chess.com"]

[Event "Titled Tuesday Blitz May 4 2021"]
[White "tylityli"]
[Black "Fajdetic, Hrvoje"]
[BlackFideId "14501945"]
[WhiteElo "2333"]
[BlackElo "2153"]
[Result "1-0"]
[Round "07"]
[TimeControl "180+1"]
[Date "2021.05.04"]
[WhiteClock "0:00:23"]
[BlackClock "0:00:04"]

1. d4 e6 2. c4 f5 3. Bf4 Nf6 4. Nf3 b6 5. e3 Bb7 6. Be2 Bb4+ 7. Nbd2 O-O 8. O-O Ne4 9. Nxe4 fxe4 10. Nd2 Bd6 11. Bxd6 cxd6 12. d5 exd5 13. cxd5 Bxd5 14. Bc4 Bxc4 15. Nxc4 Qg5 16. Nxd6 Qe5 17. Qd4 Qxd4 18. exd4 Nc6 19. Rad1 Rf4 20. g3 e3 21. fxe3 Rxf1+ 22. Rxf1 a6 23. a3 b5 24. Kg2 b4 25. a4 b3 26. Rc1 Rb8 27. Rc3 Rb4 28. Rc4 Kf8 29. Kf3 Ke7 30. Rxb4 Nxb4 31. Nc4 d5 32. Na5 Nd3 33. Nxb3 Nxb2 34. Nc5 a5 35. e4 Kd6 36. e5+ Kc6 37. Kf4 Nc4 38. Kf5 Ne3+ 39. Ke6 Nc2 40. Nb3 h5 41. Nxa5+ Kb6 42. Nb3 Kc6 43. Kf7 g5 44. e6 Ne3 45. e7 Nf5 1-0


[Site "https://www.chess.com"]

[Event "Titled Tuesday Blitz May 4 2021"]
[White "zmeeed67"]
[Black "Kazakouski, Valery"]
[BlackFideId "13507443"]
[WhiteElo "2558"]
[BlackElo "2546"]
[Result "0-1"]
[Round "07"]
[TimeControl "180+1"]
[Date "2021.05.04"]
[WhiteClock "0:00:19"]
[BlackClock "0:00:46"]

1. d4 Nf6 2. c4 e6 3. Nc3 Bb4 4. f3 c5 5. d5 O-O 6. e4 exd5 7. cxd5 d6 8. Ne2 Re8 9. Ng3 Nbd7 10. Be2 Ne5 11. O-O a6 12. a4 Bd7 13. f4 Ng6 14. Bf3 c4 15. Kh1 Bc5 16. Qc2 h6 17. Bd2 b5 18. axb5 axb5 19. Rxa8 Qxa8 20. Nd1 Nh4 21. Be2 Nxd5 22. exd5 Rxe2 23. Nc3 Rxg2 24. Qd1 b4 25. Nce4 Qxd5 26. Qe1 Rxd2 0-1


[Site "https://www.chess.com"]

[Event "Titled Tuesday Blitz May 4 2021"]
[White "Abdalla, Luiz Guilherme Aurelli"]
[Black "Pajeken, Jakob Leon"]
[WhiteFideId "2111080"]
[BlackFideId "12942839"]
[WhiteElo "2152"]
[BlackElo "2024"]
[Result "0-1"]
[Round "08"]
[TimeControl "180+1"]
[Date "2021.05.04"]
[WhiteClock "0:01:00"]
[BlackClock "0:02:40"]

1. d4 d5 2. c4 dxc4 3. Nf3 Nf6 4. e3 e6 5. Bxc4 c5 6. O-O a6 7. a4 Nc6 8. Qe2 Be7 9. Rd1 O-O 10. dxc5 Qc7 11. e4 Bxc5 12. e5 Ng4 13. Bf4 Nxf2 14. Kf1 Nxd1 15. Qxd1 Rd8 16. Qe2 Nd4 17. Nxd4 Rxd4 18. Nd2 Rxf4+ 0-1


[Site "https://www.chess.com"]

[Event "Titled Tuesday Blitz May 4 2021"]
[White "Abdusattorov, Nodirbek"]
[Black "Pantzar, Milton"]
[WhiteFideId "14204118"]
[BlackFideId "1721003"]
[WhiteElo "2662"]
[BlackElo "2323"]
[Result "1-0"]
[Round "08"]
[TimeControl "180+1"]
[Date "2021.05.04"]
[WhiteClock "0:01:46"]
[BlackClock "0:00:26"]

1. d4 d5 2. Nf3 e6 3. c4 c5 4. cxd5 exd5 5. g3 Nf6 6. Bg2 Nc6 7. O-O Be7 8. dxc5 Bxc5 9. a3 Ne4 10. b4 Be7 11. Bb2 Bf6 12. Nd4 O-O 13. Ra2 h5 14. Nxc6 bxc6 15. Nd2 Nc3 16. Bxc3 Bxc3 17. Rc2 Qf6 18. Qc1 Bxd2 19. Qxd2 h4 20. Rfc1 Bd7 21. e4 h3 22. Bh1 Rad8 23. exd5 Be6 24. Rxc6 Qf5 25. R6c5 Rfe8 26. dxe6 Qxc5 27. exf7+ Kxf7 28. Qf4+ Kg8 29. bxc5 1-0


[Site "https://www.chess.com"]

[Event "Titled Tuesday Blitz May 4 2021"]
[White "Acor, Corey"]
[Black "Sellitti, Federico"]
[WhiteFideId "2024861"]
[BlackFideId "821829"]
[WhiteElo "2758"]
[BlackElo "2620"]
[Result "1-0"]
[Round "08"]
[TimeControl "180+1"]
[Date "2021.05.04"]
[WhiteClock "0:00:07"]
[BlackClock "0:00:07"]

1. e4 c5 2. Nc3 Nc6 3. g3 g6 4. Bg2 Bg7 5. d3 e6 6. Be3 Nd4 7. Qd2 Ne7 8. Nd1 Rb8 9. c3 Ndc6 10. Bxc5 O-O 11. Be3 d5 12. Bh6 b5 13. h4 dxe4 14. Bxg7 Kxg7 15. dxe4 Qxd2+ 16. Kxd2 Rd8+ 17. Kc2 b4 18. Ne3 bxc3 19. bxc3 Ba6 20. Bf1 Bxf1 21. Rxf1 Rbc8 22. Ne2 Nb4+ 23. Kb1 Nd3 24. f4 Nc6 25. Rd1 Rb8+ 26. Ka1 Nf2 27. Rxd8 Rxd8 28. Rb1 Nxe4 29. Rd1 Rxd1+ 30. Nxd1 Ne7 31. Ne3 Nf5 32. Nf1 Kh6 33. g4 Nxh4 34. g5+ Kh5 35. Ne3 Nf5 36. Nxf5 gxf5 37. c4 Kg4 38. Kb2 f6 39. gxf6 Nxf6 40. c5 h5 41. c6 Ne8 42. Kc3 h4 43. Ng1 Kxf4 44. Kd4 e5+ 45. Kd5 e4 46. Ke6 Nc7+ 47. Kd7 Nd5 48. Kd6 Nb6 49. c7 e3 50. a4 Kg3 51. a5 Nc4+ 52. Ke7 Nxa5 53. c8=Q Kf2 54. Nh3+ Kg2 55. Qxf5 e2 56. Nf4+ Kf1 57. Nxe2+ Kxe2 58. Qxa5 h3 59. Qh5+ Kd2 60. Qxh3 a5 61. Qa3 1-0


[Site "https://www.chess.com"]

[Event "Titled Tuesday Blitz May 4 2021"]
[White "Alavi, Sayed Javad"]
[Black "elohunter1999"]
[WhiteFideId "12500607"]
[WhiteElo "2495"]
[BlackElo "2529"]
[Result "0-1"]
[Round "08"]
[TimeControl "180+1"]
[Date "2021.05.04"]
[WhiteClock "0:00:28"]
[BlackClock "0:00:09"]

1. Nf3 Nf6 2. d4 d5 3. c4 dxc4 4. e3 e6 5. Bxc4 c5 6. O-O a6 7. Bb3 b5 8. dxc5 Bxc5 9. a4 Bb7 10. axb5 axb5 11. Rxa8 Bxa8 12. Qe2 Qb6 13. Nc3 Bc6 14. Ne5 O-O 15. Nxc6 Nxc6 16. Qxb5 Qxb5 17. Nxb5 Rb8 18. Bc4 Na5 19. Be2 Nb3 20. Rd1 Kf8 21. Bd2 Nxd2 22. Rxd2 Ke7 23. Rc2 Bb6 24. g3 Nd5 25. Na3 f5 26. Nc4 Bc7 27. Bf3 Nb4 28. Rd2 g6 29. h4 h5 30. Kf1 Na6 31. Rc2 Nc5 32. Na3 Bd6 33. Be2 Rb4 34. Nb5 Na4 35. Rc6 Be5 36. Bc4 Nxb2 37. Rxe6+ Kd7 38. Rxe5 Nxc4 39. Rc5 Nd2+ 40. Kg2 Ne4 41. Nc3 Nxc5 0-1


[Site "https://www.chess.com"]

[Event "Titled Tuesday Blitz May 4 2021"]
[White "Alavkin, Arseny"]
[Black "Shyaamnikhil P"]
[WhiteFideId "4120612"]
[BlackFideId "5024218"]
[WhiteElo "2416"]
[BlackElo "2300"]
[Result "1-0"]
[Round "08"]
[TimeControl "180+1"]
[Date "2021.05.04"]
[WhiteClock "0:02:55"]
[BlackClock "0:02:34"]

1. c4 e6 2. Nc3 d5 3. d4 c6 4. e4 dxe4 5. Nxe4 Bb4+ 6. Bd2 Qxd4 7. Bxb4 Qxe4+ 8. Be2 Na6 9. Ba5 b6 10. Qd6 Ne7 11. O-O-O O-O 12. Qxe7 1-0


[Site "https://www.chess.com"]

[Event "Titled Tuesday Blitz May 4 2021"]
[White "Alboredo, Julia"]
[Black "Zhurbinsky, David"]
[WhiteFideId "2124807"]
[BlackFideId "2072904"]
[WhiteElo "2041"]
[BlackElo "2462"]
[Result "1-0"]
[Round "08"]
[TimeControl "180+1"]
[Date "2021.05.04"]
[WhiteClock "0:00:06"]
[BlackClock "0:00:13"]

1. e4 e5 2. Nf3 Nc6 3. d4 exd4 4. Bc4 Nf6 5. e5 d5 6. Bb5 Ne4 7. Nxd4 Bd7 8. Bxc6 bxc6 9. O-O Bc5 10. f3 Ng5 11. Be3 O-O 12. f4 Ne6 13. c3 f6 14. b4 fxe5 15. fxe5 Rxf1+ 16. Qxf1 Nxd4 17. Bxd4 Bxd4+ 18. cxd4 Qh4 19. Qf2 Qg4 20. Nd2 Rf8 21. Nf3 Qf4 22. Re1 Bg4 23. e6 Re8 24. Qe3 Qxe3+ 25. Rxe3 Bxe6 26. Ne5 Bd7 27. Rc3 Re7 28. Kf2 Be8 29. Ra3 c5 30. bxc5 c6 31. Rb3 g6 32. Rb8 Kg7 33. Rc8 Re6 34. Rc7+ Kf6 35. Rxa7 Kf5 36. Rxh7 Ke4 37. Rh4+ Kf5 38. Ke3 g5 39. Rh8 Re7 40. Rf8+ Ke6 41. g4 Bd7 42. Ra8 Kf6 43. Ra7 Be8 44. Rxe7 Kxe7 45. Kf3 Kd8 46. a4 Kc7 47. Ke3 Kb7 48. Nf3 Bd7 49. h3 Ka6 50. Nxg5 Ka5 51. Nf7 Kxa4 52. Ne5 Be8 53. g5 Kb4 54. g6 Bxg6 55. Nxg6 Kc4 56. Ne5+ Kb5 57. h4 Kb4 58. h5 Kb5 59. h6 Kb4 60. h7 Kb5 61. h8=Q Kb4 62. Qb8+ Kc3 63. Nxc6 Kc2 64. Nb4+ Kc1 65. Nd3+ Kc2 66. Qb2+ Kd1 67. Qd2# 1-0


[Site "https://www.chess.com"]

[Event "Titled Tuesday Blitz May 4 2021"]
[White "AldokhinIvan"]
[Black "Karavaeva, Olga"]
[BlackFideId "4124111"]
[WhiteElo "2538"]
[BlackElo "2105"]
[Result "1-0"]
[Round "08"]
[TimeControl "180+1"]
[Date "2021.05.04"]
[WhiteClock "0:00:40"]
[BlackClock "0:00:31"]

1. e4 c5 2. Nf3 e6 3. d4 cxd4 4. Nxd4 Nf6 5. Nc3 Nc6 6. Nxc6 bxc6 7. Bd3 d5 8. O-O Be7 9. Qe2 h6 10. Bf4 O-O 11. Rad1 Qb6 12. b3 a5 13. Na4 Qa7 14. c4 Rd8 15. e5 Ne8 16. Bb1 Bg5 17. Bxg5 hxg5 18. Qh5 g6 19. Qxg5 Ba6 20. Rd3 dxc4 21. Rxd8 cxb3 22. Rfd1 bxa2 23. Bxa2 Bb5 24. Rxa8 1-0


[Site "https://www.chess.com"]

[Event "Titled Tuesday Blitz May 4 2021"]
[White "Aliavdin, Nikolai"]
[Black "Mortazavi, Ali"]
[WhiteFideId "13502883"]
[BlackFideId "401323"]
[WhiteElo "2268"]
[BlackElo "2339"]
[Result "0-1"]
[Round "08"]
[TimeControl "180+1"]
[Date "2021.05.04"]
[WhiteClock "0:00:12"]
[BlackClock "0:00:09"]

1. e4 c6 2. d4 d5 3. Nc3 dxe4 4. Nxe4 Nf6 5. Nxf6+ exf6 6. c3 Bd6 7. Bd3 O-O 8. Qc2 Re8+ 9. Ne2 h5 10. h3 Be6 11. Be3 Nd7 12. c4 b5 13. O-O Rc8 14. b3 Bb8 15. Bf4 Nf8 16. Bxb8 Rxb8 17. Rad1 bxc4 18. bxc4 Qa5 19. Nf4 Qg5 20. Qc1 Red8 21. d5 cxd5 22. cxd5 Rbc8 23. Qe3 Bd7 24. Rc1 Rxc1 25. Rxc1 h4 26. Rc4 Bb5 27. Rd4 Bxd3 28. Nxd3 Qh5 29. Nf4 Qf5 30. Rd1 Nd7 31. d6 Ne5 32. Nd5 Qc2 33. Ne7+ Kf8 34. Qd4 Nc4 35. d7 Ne5 36. Qd6 Rxd7 37. Ng6+ Kg8 38. Qf8+ Kh7 39. Rxd7 Qc1+ 40. Kh2 Nxg6 41. Qd6 Ne5 42. Rxa7 Qf4+ 43. Kg1 Nf3+ 44. gxf3 Qxd6 0-1


[Site "https://www.chess.com"]

[Event "Titled Tuesday Blitz May 4 2021"]
[White "Almeida Junior, Alvaro Alves de"]
[Black "Rytenko, Vsevolod"]
[WhiteFideId "2149974"]
[BlackFideId "14133040"]
[WhiteElo "2097"]
[BlackElo "2228"]
[Result "0-1"]
[Round "08"]
[TimeControl "180+1"]
[Date "2021.05.04"]
[WhiteClock "0:00:01"]
[BlackClock "0:00:54"]

1. e4 e6 2. d4 d5 3. Nd2 c5 4. exd5 Qxd5 5. Ngf3 Nc6 6. Bc4 Qd8 7. O-O Nf6 8. Nb3 cxd4 9. Nbxd4 Bd7 10. Re1 Be7 11. Bg5 O-O 12. Qe2 Re8 13. Rad1 Qa5 14. Bxf6 Bxf6 15. Nb5 Red8 16. Nd6 Qc7 17. c3 Na5 18. Bd3 Nc6 19. Ne4 Be7 20. Neg5 h6 21. Qe4 f5 22. Qe2 hxg5 23. Bc4 Bf6 24. Bxe6+ Kf8 25. Bxd7 Rxd7 26. Qe6 Rad8 27. Rxd7 Qxd7 28. Qxf5 Qxf5 0-1


[Site "https://www.chess.com"]

[Event "Titled Tuesday Blitz May 4 2021"]
[White "Alvarez Fernandez, Enrique"]
[Black "Chyzy, Jakub"]
[WhiteFideId "2227398"]
[BlackFideId "21806209"]
[WhiteElo "2316"]
[BlackElo "2013"]
[Result "0-1"]
[Round "08"]
[TimeControl "180+1"]
[Date "2021.05.04"]
[WhiteClock "0:00:30"]
[BlackClock "0:00:21"]

1. e4 Nf6 2. e5 Nd5 3. c4 Nb6 4. a4 a5 5. d4 d6 6. Nf3 Bg4 7. Be2 Nc6 8. exd6 exd6 9. Nc3 Be7 10. O-O O-O 11. Be3 Bxf3 12. Bxf3 Nxc4 13. b3 Nxe3 14. fxe3 g6 15. Qe1 Bf6 16. Qf2 Bg7 17. Rac1 Nb4 18. Qd2 c6 19. Rfe1 d5 20. Na2 Nxa2 21. Qxa2 f5 22. Qe2 Qd6 23. Rc5 f4 24. Kh1 Rae8 25. Qd3 fxe3 26. Rxe3 Qf4 27. Rxe8 Rxe8 28. g3 Qxd4 29. Qxd4 Bxd4 30. Rxa5 Re3 31. Ra8+ Kg7 32. Kg2 Rxb3 33. Rb8 Be5 34. Re8 Kf6 35. Rf8+ Ke7 36. Ra8 d4 37. Ra7 Kd6 38. a5 d3 39. a6 bxa6 40. Rxa6 Rb2+ 41. Kh3 Rc2 42. Kh4 d2 43. g4 Rc3 44. Be2 Bxh2 45. g5 Bg3+ 46. Kg4 Be5 47. Ra4 Rc1 48. Re4 d1=Q 49. Bxd1 Rxd1 50. Kf3 Rd3+ 51. Kg4 Rd4 52. Rxd4+ Bxd4 53. Kf4 c5 54. Ke4 Bb2 55. Kf4 Bc1+ 56. Kg4 Bxg5 57. Kxg5 c4 58. Kh6 Kd5 59. Kxh7 c3 60. Kxg6 c2 61. Kf6 c1=Q 62. Ke7 Qd2 63. Kd7 Qd4 64. Kd8 Qc5 65. Ke8 Qc6+ 66. Kd8 Qb7 67. Ke8 Ke6 68. Kd8 Qd7# 0-1


[Site "https://www.chess.com"]

[Event "Titled Tuesday Blitz May 4 2021"]
[White "Ambrogi, Agustin"]
[Black "Efremov, Vladislav"]
[WhiteFideId "170933"]
[BlackFideId "44159935"]
[WhiteElo "2214"]
[BlackElo "2022"]
[Result "0-1"]
[Round "08"]
[TimeControl "180+1"]
[Date "2021.05.04"]
[WhiteClock "0:00:14"]
[BlackClock "0:00:21"]

1. e4 c5 2. d4 cxd4 3. c3 dxc3 4. Nxc3 e6 5. Nf3 a6 6. Bc4 Nc6 7. O-O b5 8. Bb3 Bb7 9. Nd5 Na5 10. Bf4 exd5 11. Bxd5 Bxd5 12. exd5 d6 13. Re1+ Be7 14. Nd4 Qd7 15. Qe2 Kf8 16. Rac1 Re8 17. b3 Nf6 18. Nc6 Nxc6 19. dxc6 Qc7 20. Qd3 h5 21. h3 h4 22. Re2 Rh5 23. Qf3 Rf5 24. Rce1 g5 25. Qd3 Rxf4 26. Qd4 0-1


[Site "https://www.chess.com"]

[Event "Titled Tuesday Blitz May 4 2021"]
[White "Antonio, Jorge Carlos"]
[Black "Sikorova, Olga"]
[WhiteFideId "113190"]
[BlackFideId "307033"]
[WhiteElo "2247"]
[BlackElo "2188"]
[Result "0-1"]
[Round "08"]
[TimeControl "180+1"]
[Date "2021.05.04"]
[WhiteClock "0:00:14"]
[BlackClock "0:00:04"]

1. e4 e6 2. d4 d5 3. Nc3 Bb4 4. exd5 exd5 5. Bd3 Nf6 6. Nf3 Bg4 7. Qe2+ Qe7 8. Qxe7+ Bxe7 9. Ne5 Be6 10. O-O Nbd7 11. f4 c6 12. f5 Nxe5 13. dxe5 Bc5+ 14. Kh1 Ng4 15. fxe6 Nf2+ 16. Rxf2 Bxf2 17. exf7+ Kxf7 18. Bf4 Bd4 19. Ne2 Bb6 20. c4 Ke6 21. Rc1 h6 22. c5 Bc7 23. Nd4+ Ke7 24. b4 g5 25. Bg3 a6 26. a4 Rhf8 27. h4 Rf7 28. Nf5+ Ke6 29. Nxh6 Rff8 30. Be2 d4 31. Bg4+ Kd5 32. e6 Bxg3 33. e7 Rfe8 34. hxg5 Rxe7 35. Nf5 Rh7+ 36. Kg1 Bf4 37. g6 Bxc1 38. gxh7 Rh8 39. Nd6 Rxh7 40. Bf3+ Ke5 41. Nc4+ Kf4 42. Nd6 Be3+ 43. Kf1 d3 44. g3+ Kxf3 0-1


[Site "https://www.chess.com"]

[Event "Titled Tuesday Blitz May 4 2021"]
[White "Araujo Filho, Luiz Antonio Coel"]
[Black "Loy, Konstantin"]
[WhiteFideId "2130661"]
[BlackFideId "14122499"]
[WhiteElo "2232"]
[BlackElo "2084"]
[Result "0-1"]
[Round "08"]
[TimeControl "180+1"]
[Date "2021.05.04"]
[WhiteClock "0:00:03"]
[BlackClock "0:00:44"]

1. d4 Nf6 2. Nf3 g6 3. c4 c5 4. e3 Bg7 5. Be2 cxd4 6. exd4 d5 7. O-O O-O 8. Nc3 dxc4 9. Bxc4 Nbd7 10. Bf4 Nb6 11. Be2 Nbd5 12. Bg3 b6 13. Rc1 Bb7 14. Ne5 Rc8 15. Bf3 e6 16. Nb5 Rxc1 17. Qxc1 a6 18. Nc3 Nxc3 19. bxc3 Bxf3 20. Nxf3 b5 21. Qa3 Qc8 22. Bd6 Rd8 23. Be7 Bf8 24. Bxf8 Rxf8 25. Ne5 Qb7 26. Nd3 Rc8 27. Nc5 Qb6 28. Rb1 Qd6 29. g3 Rc6 30. Rb3 Nd7 31. Ne4 Qxa3 32. Rxa3 Kf8 33. Kf1 Ke7 34. Ke2 Nf6 35. Nc5 Nd5 36. Kd3 Nc7 37. f3 e5 38. h3 exd4 39. cxd4 f5 40. Ra5 Rd6 0-1


[Site "https://www.chess.com"]

[Event "Titled Tuesday Blitz May 4 2021"]
[White "Arkell, Keith C"]
[Black "Terletsky, Oleg"]
[WhiteFideId "400270"]
[BlackFideId "14116774"]
[WhiteElo "2398"]
[BlackElo "2094"]
[Result "1-0"]
[Round "08"]
[TimeControl "180+1"]
[Date "2021.05.04"]
[WhiteClock "0:00:14"]
[BlackClock "0:00:05"]

1. d4 Nf6 2. Nf3 g6 3. c4 Bg7 4. g3 O-O 5. Bg2 d6 6. O-O Nbd7 7. d5 c6 8. dxc6 bxc6 9. Nd4 Bb7 10. Bxc6 Bxc6 11. Nxc6 Qe8 12. Nd4 Nb6 13. Nd2 Rc8 14. b3 d5 15. cxd5 Nfxd5 16. Bb2 e5 17. Nc2 e4 18. Bxg7 Kxg7 19. Nc4 Qe6 20. Qd4+ Kg8 21. N2e3 Nxe3 22. Nxe3 Rfd8 23. Qb2 Nd5 24. Nxd5 Qxd5 25. Rac1 e3 26. fxe3 Qe4 27. Rf3 f5 28. Rxc8 Rxc8 29. Qd4 Qb1+ 30. Rf1 Qxa2 31. Kf2 Qxb3 32. Qxa7 Qd5 33. Rb1 Re8 34. Rb7 Qe5 35. Rxh7 Qxe3+ 36. Qxe3 Rxe3 37. Kxe3 Kxh7 38. Kf4 Kh6 39. g4 fxg4 40. Kxg4 Kg7 41. h4 Kf6 42. Kf4 Ke6 43. Kg5 Kf7 44. e3 Kg7 45. e4 Kf7 46. e5 Ke6 47. Kxg6 Kxe5 48. h5 1-0


[Site "https://www.chess.com"]

[Event "Titled Tuesday Blitz May 4 2021"]
[White "Ashiev, Eduard"]
[Black "Khnykin, Nikolay"]
[WhiteFideId "4130090"]
[BlackFideId "4188853"]
[WhiteElo "2106"]
[BlackElo "2280"]
[Result "1-0"]
[Round "08"]
[TimeControl "180+1"]
[Date "2021.05.04"]
[WhiteClock "0:00:06"]
[BlackClock "0:00:06"]

1. d4 f5 2. Bg5 Nf6 3. Bxf6 exf6 4. c4 g6 5. Nc3 Bg7 6. e3 O-O 7. h4 f4 8. exf4 Re8+ 9. Be2 Nc6 10. h5 Qe7 11. hxg6 hxg6 12. Kf1 d6 13. Nd5 Qf7 14. f5 Bxf5 15. Nf3 Be4 16. Nf4 f5 17. Ng5 Qf6 18. Nxe4 Rxe4 19. Nd5 Qxd4 20. Qb3 Qe5 21. Bf3 Rd4 22. Re1 Na5 23. Qb5 Rxd5 24. Bxd5+ Kf8 25. Rxe5 Bxe5 26. Qd7 Nc6 27. Qf7# 1-0


[Site "https://www.chess.com"]

[Event "Titled Tuesday Blitz May 4 2021"]
[White "Banawa, Joel"]
[Black "Eynullayev, Atilla"]
[WhiteFideId "2024055"]
[BlackFideId "13413570"]
[WhiteElo "2715"]
[BlackElo "1997"]
[Result "1-0"]
[Round "08"]
[TimeControl "180+1"]
[Date "2021.05.04"]
[WhiteClock "0:00:26"]
[BlackClock "0:00:18"]

1. e4 c5 2. c3 Nf6 3. e5 Nd5 4. d4 d6 5. Nf3 cxd4 6. cxd4 Nc6 7. Bc4 dxe5 8. dxe5 Ndb4 9. Qxd8+ Nxd8 10. Na3 a6 11. Bd2 Nbc6 12. O-O Bg4 13. Rfe1 Bxf3 14. gxf3 e6 15. Nc2 Rc8 16. Bd3 Be7 17. b4 O-O 18. a4 Nb8 19. b5 axb5 20. axb5 Nd7 21. Nd4 Nc5 22. Bf1 Rc7 23. Ra8 Rd7 24. Be3 b6 25. Rea1 f6 26. f4 g5 27. Nc6 Nxc6 28. bxc6 Rc7 29. exf6 Bxf6 30. Rxf8+ Kxf8 31. Ra8+ Kg7 32. fxg5 Be5 33. Bb5 Ne4 34. Bxb6 Rf7 35. h4 Nd6 36. c7 1-0


[Site "https://www.chess.com"]